 Dungeon Crawl Stone Soup version 0.27-a0-1502-g47ed6a6988 (webtiles) character file.

Game seed: 2257533672068359323

1812 robertstho the Cleaver (level 8, -5/75 HPs)
             Began as a Minotaur Berserker on July 8, 2021.
             Was a Priest of Trog.
             Slain by an apocalypse crab (10 damage)
             ... on level 1 of the Abyss.
             The game lasted 00:05:36 (4707 turns).

robertstho the Cleaver (Minotaur Berserker)         Turns: 4707, Time: 00:05:36

Health: -5/75      AC:  6    Str: 23    XL:     8   Next: 84%
Magic:  7/7        EV: 17    Int:  5    God:    Trog [***...]
Gold:   274        SH:  0    Dex: 10    Spells: 7/7 levels left

rFire    . . .     SeeInvis .   a - +0 hand axe
rCold    . . .     Faith    .   (no shield)
rNeg     . . .     Spirit   .   g - +1 leather armour {rPois}
rPois    +         Reflect  .   (helmet restricted)
rElec    .         Harm     .   (no cloak)
rCorr    .         Rampage  .   (no gloves)
Will     .....                  e - +0 pair of boots
Stlth    +.........             (no amulet)
HPRegen  0.22/turn              w - +4 ring of evasion
MPRegen  0.10/turn              (no ring)

@: about to teleport, on berserk cooldown
A: horns 2, retaliatory headbutt
a: Renounce Religion, Berserk, Trog's Hand


You were on level 1 of the Abyss.
You worshipped Trog.
Trog was most pleased with you.
You visited 1 branch of the dungeon, and saw 7 of its levels.
You visited the Abyss 1 time.

You collected 274 gold pieces.

Inventory:

Hand Weapons
 a - a +0 hand axe (weapon)
Armour
 e - a +0 pair of boots (worn)
 g - a +1 leather armour of poison resistance (worn)
Jewellery
 w - a +4 ring of evasion (left hand)
Scrolls
 b - 2 scrolls of enchant armour
 d - 2 scrolls of fear {unknown}
 i - 2 scrolls of fog {unknown}
 n - a scroll of noise {unknown}
 s - 4 scrolls of magic mapping {unknown}
 t - a scroll of torment
 y - a scroll of identify
Potions
 f - 3 potions of brilliance {unknown}
 h - 2 potions of curing
 k - a potion of attraction {unknown}
 l - a potion of haste {unknown}
 m - a potion of cancellation {unknown}
 o - 2 potions of lignification {unknown}
 p - a potion of mutation {unknown}
 q - 2 potions of invisibility {unknown}
 u - a potion of degeneration {unknown}
 v - a potion of flight {unknown}
 x - 2 potions of ambrosia {unknown}
 z - a potion of resistance {unknown}


   Skills:
 * Level 8.3 Fighting
 + Level 9.1 Axes
 * Level 6.1 Armour
 + Level 5.4 Dodging


You had 7 spell levels left.
You didn't know any spells.
Your spell library was empty.

Dungeon Overview and Level Annotations

Branches:
Dungeon (7/15)             Temple (0/1) D:4

Altars:

Annotations:
D:7 Pikel


Innate Abilities, Weirdness & Mutations

You have a pair of horns on your head.
You reflexively headbutt those who attack you in melee.


Message History

The thrashing horror barely misses you. You furiously retaliate!
You headbutt the thrashing horror, but do no damage.
The thrashing horror tramples you but does no damage.
The smoke demon gestures at you. The ball of steam hits you!
* * * LOW HITPOINT WARNING * * *
Found a scroll of identify.
A white imp comes into view.
The white imp shouts, "Go and return not, thou dissembling folly-fallen dandiprat!"
The thrashing horror closely misses you.
The thrashing horror tramples you.
* * * LOW HITPOINT WARNING * * *
You stumble backwards!
As you read the scroll of teleportation, it crumbles to dust.
You feel strangely unstable.
You feel the power of the Abyss delaying your translocation!
The thrashing horror tramples you!
* * * LOW HITPOINT WARNING * * *
You hold your ground!
The thrashing horror tramples you.
* * * LOW HITPOINT WARNING * * *
You stumble backwards!
The smoke demon gestures at you.
The sticky flame hits you but does no damage.
You are covered in liquid flames!
You feel much better.
You are covered in liquid flames!
* * * LOW HITPOINT WARNING * * *
You feel yourself speed up. The thrashing horror tramples you.
* * * LOW HITPOINT WARNING * * *
You hold your ground!
The thrashing horror tramples you but does no damage.
The white imp misses you.
A worldbinder comes into view.
You are covered in liquid flames!
* * * LOW HITPOINT WARNING * * *
You feel better. The white imp misses you. The apocalypse crab bites you.
* * * LOW HITPOINT WARNING * * *
You are engulfed in flames!
You die...

#....#....#..#.. # ..
.#.#.(#... . #. ## .
#.##.#....#
....##.##...###...##
..##...##.###.#...#.#
#?......#...# ####.#.
#..##X3..#### ##.# ..
#..#5t#### ####.....
#...@## #. . .#.
###.#..# #.#. ...#
#..# ..# #.##. ...
##. #.# ## ##.###.. #
. .. #..## .. #. .#.
..##...### # ..# ##
... . . ..# ##.#


You could see an apocalypse crab, a thrashing horror, a smoke demon and a white
imp.

Vanquished Creatures
  A cyclops (D:6)
  The ghost of mdk the Skirmisher, a novice GrBe of Trog (D:5)
  Sigmund (D:4)
  2 black bears (D:6)
  A necrophage (D:6)
  A centaur (D:6)
  A water moccasin skeleton (D:6)
  A centaur zombie (D:6)
  2 quasits (Abyss:1)
  3 hounds
  A jelly (D:6)
  A bullfrog skeleton (D:6)
  2 orc priests (D:6)
  2 centaur skeletons
  An iron imp (Abyss:1)
  2 iguanas
  Natasha (thrice) (D:2)
  A howler monkey zombie (D:5)
  6 adders
  A white imp (D:6)
  A worm (D:2)
  A dart slug (D:2)
  10 orcs
  4 endoplasms
  4 giant cockroaches
  4 goblins
  6 hobgoblins
  2 quokkas
  5 ball pythons
  8 bats
  5 frilled lizards
  5 kobolds
  7 rats
96 creatures vanquished.

Vanquished Creatures (others)
  A white imp (Abyss:1)
1 creature vanquished.

Grand Total: 97 creatures vanquished

Notes
Turn   | Place    | Note
-------+----------+-------------------------------------------
     0 | D:1      | robertstho the Minotaur Berserker began the quest for the
                  | Orb.
     0 | D:1      | Reached XP level 1. HP: 19/19 MP: 0/0
   190 | D:1      | Reached XP level 2. HP: 25/27 MP: 1/1
   370 | D:1      | Found a faded altar of an unknown god.
   384 | D:1      | Reached skill level 4 in Axes
   783 | D:2      | Reached XP level 3. HP: 31/34 MP: 2/2
   958 | D:2      | Reached ** piety under Trog
  1088 | D:2      | Noticed Natasha
  1093 | D:2      | Killed Natasha
  1094 | D:2      | Reached skill level 5 in Fighting
  1094 | D:2      | Reached XP level 4. HP: 41/42 MP: 3/3
  1109 | D:2      | Noticed Natasha
  1119 | D:2      | Killed Natasha
  1215 | D:2      | Noticed Natasha
  1225 | D:2      | Killed Natasha
  1226 | D:2      | Reached skill level 5 in Axes
  1226 | D:2      | Reached XP level 5. HP: 48/48 MP: 4/4
  2140 | D:4      | Found a staircase to the Ecumenical Temple.
  2307 | D:4      | Noticed Sigmund
  2317 | D:4      | Killed Sigmund
  2318 | D:4      | Reached skill level 6 in Axes
  2318 | D:4      | Reached XP level 6. HP: 53/57 MP: 5/5
  2573 | D:5      | Entered Level 5 of the Dungeon
  2590 | D:5      | Noticed mdk's ghost (novice GrBe)
  2595 | D:5      | Found a runed translucent door.
  3130 | D:5      | Killed mdk's ghost
  3131 | D:5      | Reached skill level 7 in Axes
  3131 | D:5      | Reached XP level 7. HP: 64/64 MP: 6/6
  3239 | D:6      | Noticed a cyclops
  3248 | D:6      | Killed a cyclops
  3249 | D:6      | Reached skill level 5 in Armour
  3249 | D:6      | Reached XP level 8. HP: 41/73 MP: 7/7
  3468 | D:6      | Reached skill level 8 in Axes
  3565 | D:6      | Reached *** piety under Trog
  3774 | D:6      | Reached skill level 5 in Dodging
  3995 | D:6      | Reached skill level 9 in Axes
  4411 | D:7      | Noticed Pikel
  4418 | D:7      | Cast into level 1 of the Abyss (orc priest)
  4437 | Abyss:1  | Noticed a worldbinder
  4439 | Abyss:1  | Noticed a jumping spider
  4440 | Abyss:1  | Noticed an orb spider
  4443 | Abyss:1  | Noticed an orb spider
  4453 | Abyss:1  | Noticed a jumping spider
  4456 | Abyss:1  | Noticed an apocalypse crab
  4463 | Abyss:1  | Noticed a jumping spider
  4675 | Abyss:1  | Noticed a green death
  4697 | Abyss:1  | Noticed a thrashing horror
  4701 | Abyss:1  | Noticed an apocalypse crab
  4701 | Abyss:1  | Noticed a smoke demon
  4706 | Abyss:1  | Noticed a worldbinder
  4706 | Abyss:1  | HP: 1/75 [burnt (6)]
  4707 | Abyss:1  | Slain by an apocalypse crab

Illustrated notes

Levels and vault maps discovered:
D:1:      tarquinn_simple_flora_water_c, layout_loops_ring,
          basic_ecumenical_altar, minmay_misc_feat_rows
D:2:      layout_basic, uniq_natasha
D:3:      layout_basic
D:4:      layout_gridville, minmay_temple_entry_glassed_door, uniq_sigmund
D:5:      layout_layer_cave, hellmonk_ghost_happy_afterlife
D:6:      layout_basic, hellmonk_bongcloud_opening
D:7:      layout_loops_ring, mainiacjoe_overflow_cross_hatched, uniq_harold,
          uniq_pikel, uniq_menkaure
Abyss:1:  base: D:4, evilmike_abyss_exit_6, eino_small_chamber_without_monster

Skill      XL: |  1  2  3  4  5  6  7  8 |
---------------+-------------------------+-----
Fighting       | 4 5 6 7 8 |  8.3
Axes           | 4 5 6 7 9 |  9.1
Armour         | 3 4 5 6 |  6.1
Dodging        | 3 4 5 |  5.4

Action                   |  1- 3 |  4- 6 |  7- 9 || total
-------------------------+-------+-------+-------++-------
Melee: Hand axe          |    58 |   121 |    83 ||   262
       Headbutt          |    11 |    28 |    20 ||    59
Invok: Berserk           |       |     1 |     5 ||     6
       Trog's Hand       |       |       |     1 ||     1
  Use: Scroll            |       |     5 |     4 ||     9
       Potion            |       |       |     2 ||     2
 Stab: Sleeping          |     1 |       |       ||     1
Armor: Animal skin       |     3 |       |       ||     3
       Leather armour    |    27 |    24 |    30 ||    81
Dodge: Dodged            |    46 |    80 |    87 ||   213

Table legend: (Time is in decaauts)
 A = Elapsed time spent in this place.
 B = Non-inter-level travel time spent in this place.
 C = Inter-level travel time spent in this place.
 D = Time resting spent in this place.
 E = Time spent auto-exploring this place.
 F = Levels seen in this place.
 G = Mean time per level.
                   A        B        C        D        E       F      G
               +--------+--------+--------+--------+--------+-----+--------+
         Total |   4766 |   4630 |    136 |    579 |   3405 |   8 |  595.8 |
       Dungeon |   4449 |   4313 |    136 |    381 |   3387 |   7 |  635.6 |
         Abyss |    317 |    317 |      0 |    198 |     18 |   1 |  317.0 |
               +--------+--------+--------+--------+--------+-----+--------+

Top non-repeatable levels by time:
     D:6: 1046 daAuts
     D:5: 811 daAuts
     D:3: 769 daAuts
     D:2: 716 daAuts
     D:1: 635 daAuts
     D:4: 463 daAuts
 Abyss:1: 317 daAuts
     D:7: 7 daAuts
